SL
GRAFTON MIDDIES @ LAS VEGAS FLAMINGOS
09/14/2021
 
TOP OF THE 1ST
Grafton Middies batting - Pitching for Las Vegas Flamingos : RHP Culley Sandoval
Pitching: RHP Culley Sandoval
Batting: RHB Pedro Orozco 0-0: Called Strike
0-1: Foul Ball, location: 2F
0-2: Strikes out looking
Batting: RHB Wes Bradley 0-0: Called Strike
0-1: Swinging Strike
0-2: Foul Ball, location: 2F
0-2: Ball
1-2: Ball
2-2: Ball
3-2: Base on Balls
Batting: RHB Raúl Robles 0-0: Called Strike
0-1: SINGLE (Groundball, 4MD)
Wes Bradley to second
Batting: RHB José Álvarez 0-0: Swinging Strike
0-1: Swinging Strike
0-2: Ball
1-2: Foul Ball, location: 2F
1-2: Ball
2-2: Ball
3-2: Strikes out swinging
Batting: RHB Brady Ferris 0-0: Foul Ball, location: 2F
0-1: Ball
1-1: Foul Ball, location: 2F
1-2: Foul Ball, location: 2F
1-2: Ball
2-2: SINGLE (Line Drive, 9LS)
Wes Bradley to third
Raúl Robles to second
Runner from 3rd tries for Home, SAFE, no throw or cutoff
Batting: RHB Mark Davis 0-0: Called Strike
0-1: Ball
1-1: Ball
2-1: Fielders Choice at 2nd, 5-4 (Groundball, 56)
Top of the 1st over - 1 run(s), 2 hit(s), 0 error(s), 1 left on base; Grafton 1 - Las Vegas 0
BOTTOM OF THE 1ST
Las Vegas Flamingos batting - Pitching for Grafton Middies : LHP Reid Garner
Pitching: LHP Reid Garner
Batting: RHB Travis Newsome 0-0: Foul Ball, location: 2F
0-1: Ball
1-1: Ball
2-1: Called Strike
2-2: Strikes out swinging
Batting: LHB Sinclair van Kooten 0-0: Ball
1-0: Called Strike
1-1: Foul Ball, location: 2F
1-2: Ball
2-2: Foul Ball, location: 2F
2-2: Foul Ball, location: 2F
2-2: Ground out 4-3 (Groundball, 4)
Batting: RHB Jeff Young 0-0: Ball
1-0: Ball
2-0: Ball
3-0: Base on Balls
Batting: RHB Matt Sheppard 0-0: SINGLE (Line Drive, 6MD)
Jeff Young to second
Runner from 2nd tries for 3rd, OUT!
Bottom of the 1st over - 0 run(s), 1 hit(s), 0 error(s), 1 left on base; Grafton 1 - Las Vegas 0
TOP OF THE 2ND
Grafton Middies batting - Pitching for Las Vegas Flamingos : RHP Culley Sandoval
Batting: RHB Nathan Boswell 0-0: Foul Ball, location: 2F
0-1: Called Strike
0-2: Ball
1-2: Ball
2-2: Strikes out swinging
Batting: RHB Danny Hall 0-0: Called Strike
0-1: Called Strike
0-2: Ball
1-2: Ground out 5-3 (Groundball, 5L)
Batting: RHB Bill Stewart 0-0: Ball
1-0: Foul Ball, location: 2F
1-1: Called Strike
1-2: Ball
2-2: Ground out 4-3 (Groundball, 4)
Top of the 2nd over - 0 run(s), 0 hit(s), 0 error(s), 0 left on base; Grafton 1 - Las Vegas 0
BOTTOM OF THE 2ND
Las Vegas Flamingos batting - Pitching for Grafton Middies : LHP Reid Garner
Batting: RHB Steven Talley 0-0: Called Strike
0-1: Foul Ball, location: 2F
0-2: Ball
1-2: Ball
2-2: SINGLE (Line Drive, 89S)
Batting: RHB Aaron Harper 0-0: Ball
1-0: Foul Ball, location: 2F
1-1: Ball
2-1: SINGLE (Line Drive, 6M)
Steven Talley to second
Batting: LHB Kenneth Chapman 0-0: Called Strike
0-1: Foul Ball, location: 2F
0-2: TRIPLE (Flyball, 8RXD)
Steven Talley scores
Aaron Harper scores
Batting: RHB Terry Sylvester 0-0: Ball
1-0: SINGLE (Line Drive, 6MD)
Kenneth Chapman scores
Batting: RHB Wayne Bannatyne 0-0: Swinging Strike
0-1: Swinging Strike
0-2: Ball
1-2: Fly out, F4 (Line Drive, 4)
Batting: RHB Travis Newsome 0-0: Ball
1-0: Called Strike
Terry Sylvester steals 2nd base
1-1: Called Strike
1-2: Ground out 6-3 (Groundball, 56)
Batting: LHB Sinclair van Kooten 0-0: Swinging Strike
0-1: Fly out, F6 (Popup, 6D)
Bottom of the 2nd over - 3 run(s), 4 hit(s), 0 error(s), 1 left on base; Grafton 1 - Las Vegas 3
TOP OF THE 3RD
Grafton Middies batting - Pitching for Las Vegas Flamingos : RHP Culley Sandoval
Batting: RHB Pedro Orozco 0-0: Swinging Strike
0-1: Fly out, F8 (Flyball, 8LD)
Batting: RHB Wes Bradley 0-0: Ball
1-0: Ball
2-0: Ball
3-0: Called Strike
3-1: Foul Ball, location: 2F
3-2: Ground out 6-3 (Groundball, 6)
Batting: RHB Raúl Robles 0-0: Called Strike
0-1: Foul Ball, location: 2F
0-2: DOUBLE (Flyball, 9LM)
Batting: RHB José Álvarez 0-0: Foul Ball, location: 2F
0-1: Swinging Strike
0-2: Ball
1-2: Strikes out swinging
Top of the 3rd over - 0 run(s), 1 hit(s), 0 error(s), 1 left on base; Grafton 1 - Las Vegas 3
BOTTOM OF THE 3RD
Las Vegas Flamingos batting - Pitching for Grafton Middies : LHP Reid Garner
Batting: RHB Jeff Young 0-0: Swinging Strike
0-1: Ball
1-1: Ball
2-1: Foul Ball, location: 2F
2-2: Foul Ball, location: 2F
2-2: Ball
3-2: Foul Ball, location: 2F
3-2: Base on Balls
Batting: RHB Matt Sheppard 0-0: Foul Ball, location: 2F
0-1: Ball
1-1: Foul Ball, location: 2F
1-2: Foul Ball, location: 2F
1-2: Foul Ball, location: 2F
1-2: Ball
2-2: Foul Ball, location: 2F
2-2: Ball
3-2: DOUBLE (Line Drive, 7LS)
Jeff Young to third
Batting: RHB Steven Talley 0-0: Foul Ball, location: 2F
0-1: Ground out 6-3 (Groundball, 6M)
Jeff Young scores
Matt Sheppard to third
Batting: RHB Aaron Harper 0-0: Called Strike
0-1: Ball
1-1: SINGLE (Line Drive, 9LS)
Matt Sheppard scores
Batting: LHB Kenneth Chapman 0-0: Ball
1-0: Foul Ball, location: 2F
1-1: Ball
2-1: SINGLE (Groundball, 4M)
Aaron Harper to second
Batting: RHB Terry Sylvester 0-0: Ball
1-0: Swinging Strike
1-1: Called Strike
1-2: Fielders Choice at 2nd, 5-4 (Groundball, 56)
Aaron Harper to third
Batting: RHB Wayne Bannatyne 0-0: Ball
1-0: Ball
2-0: Called Strike
2-1: DOUBLE (Flyball, 89D)
Aaron Harper scores
Terry Sylvester to third
Runner from 3rd tries for Home, SAFE, no throw or cutoff
Pitching: RHP Bill Swain
Batting: RHB Travis Newsome 0-0: Ground out 5-3 (Groundball, 56)
Bottom of the 3rd over - 4 run(s), 4 hit(s), 0 error(s), 1 left on base; Grafton 1 - Las Vegas 7
TOP OF THE 4TH
Grafton Middies batting - Pitching for Las Vegas Flamingos : RHP Culley Sandoval
Batting: RHB Brady Ferris 0-0: Ball
1-0: Ball
2-0: Called Strike
2-1: Foul Ball, location: 2F
2-2: Foul Ball, location: 2F
2-2: Strikes out swinging
Batting: RHB Mark Davis 0-0: Swinging Strike
0-1: Called Strike
0-2: Strikes out swinging
Batting: RHB Nathan Boswell 0-0: Called Strike
0-1: Ball
1-1: Foul Ball, location: 2F
1-2: Ball
2-2: Ball
3-2: Strikes out looking
Top of the 4th over - 0 run(s), 0 hit(s), 0 error(s), 0 left on base; Grafton 1 - Las Vegas 7
BOTTOM OF THE 4TH
Las Vegas Flamingos batting - Pitching for Grafton Middies : RHP Bill Swain
Batting: LHB Sinclair van Kooten 0-0: Foul Ball, location: 2F
0-1: Called Strike
0-2: Foul Ball, location: 2F
0-2: Ball
1-2: Ball
2-2: Ball
3-2: Ground out 4-3 (Groundball, 34)
Batting: RHB Jeff Young 0-0: Called Strike
0-1: Fly out, F7 (Flyball, 78XD)
Batting: RHB Matt Sheppard 0-0: Called Strike
0-1: Fly out, F8 (Flyball, 8RM)
Bottom of the 4th over - 0 run(s), 0 hit(s), 0 error(s), 0 left on base; Grafton 1 - Las Vegas 7
TOP OF THE 5TH
Grafton Middies batting - Pitching for Las Vegas Flamingos : RHP Culley Sandoval
Batting: RHB Danny Hall 0-0: Ball
1-0: Foul Ball, location: 2F
1-1: Called Strike
1-2: Foul Ball, location: 2F
1-2: Ground out 6-3 (Groundball, 6M)
Batting: RHB Bill Stewart 0-0: Ball
1-0: Ball
2-0: Called Strike
2-1: Foul Ball, location: 2F
2-2: Ball
3-2: Foul Ball, location: 2F
3-2: Base on Balls
Batting: RHB Pedro Orozco 0-0: Foul Ball, location: 2F
0-1: Ball
1-1: Ball
2-1: SINGLE (Groundball, 4MD)
Bill Stewart to second
Runner from 2nd tries for 3rd, SAFE, throw made to third
Batting: RHB Wes Bradley 0-0: Called Strike
0-1: Ball
1-1: Swinging Strike
1-2: Strikes out swinging
Batting: RHB Raúl Robles 0-0: Ball
Pedro Orozco is caught stealing 2nd base
Top of the 5th over - 0 run(s), 1 hit(s), 0 error(s), 0 left on base; Grafton 1 - Las Vegas 7
BOTTOM OF THE 5TH
Las Vegas Flamingos batting - Pitching for Grafton Middies : RHP Bill Swain
Batting: RHB Steven Talley 0-0: Ball
1-0: Called Strike
1-1: Ball
2-1: Ball
3-1: Called Strike
3-2: Foul Ball, location: 2F
3-2: Foul Ball, location: 2F
3-2: Base on Balls
Batting: RHB Aaron Harper 0-0: Fly out, F9 (Flyball, 89M)
Batting: LHB Kenneth Chapman 0-0: Called Strike
0-1: Foul Ball, location: 2F
0-2: Ball
Wild Pitch!
Steven Talley to second
1-2: Ground out 1-3 (Groundball, 23)
Steven Talley to third
Batting: RHB Terry Sylvester 0-0: 2-RUN HOME RUN (Flyball, 7D), Distance : 405 ft
Batting: RHB Wayne Bannatyne 0-0: Ball
1-0: Called Strike
1-1: Foul Ball, location: 2F
1-2: Ball
2-2: Ground out 1-3 (Groundball, 23)
Bottom of the 5th over - 2 run(s), 1 hit(s), 0 error(s), 0 left on base; Grafton 1 - Las Vegas 9
TOP OF THE 6TH
Grafton Middies batting - Pitching for Las Vegas Flamingos : RHP Culley Sandoval
Batting: RHB Raúl Robles 0-0: Called Strike
0-1: Foul Ball, location: 2F
0-2: Foul Ball, location: 2F
0-2: SINGLE (Popup, 3D)
Batting: RHB José Álvarez 0-0: Called Strike
0-1: Ball
1-1: Foul Ball, location: 2F
1-2: Ball
2-2: Strikes out swinging
Batting: RHB Brady Ferris 0-0: Called Strike
0-1: Called Strike
0-2: Grounds into double play, 5-4-3 (Groundball, 5)
Top of the 6th over - 0 run(s), 1 hit(s), 0 error(s), 0 left on base; Grafton 1 - Las Vegas 9
BOTTOM OF THE 6TH
Las Vegas Flamingos batting - Pitching for Grafton Middies : RHP Bill Swain
Batting: RHB Travis Newsome 0-0: Called Strike
0-1: Foul Ball, location: 2F
0-2: Ball
1-2: Foul Ball, location: 2F
1-2: Ball
2-2: Ground out 5-3 (Groundball, 56)
Batting: LHB Sinclair van Kooten 0-0: Ball
1-0: Called Strike
1-1: Called Strike
1-2: Strikes out swinging
Batting: RHB Jeff Young 0-0: Called Strike
0-1: Called Strike
0-2: SINGLE (Line Drive, 56D)
Batting: RHB Matt Sheppard 0-0: SINGLE (Groundball, 56D)
Jeff Young to second
Batting: RHB Steven Talley 0-0: Called Strike
0-1: Ball
1-1: Swinging Strike
1-2: Strikes out swinging
Bottom of the 6th over - 0 run(s), 2 hit(s), 0 error(s), 2 left on base; Grafton 1 - Las Vegas 9
TOP OF THE 7TH
Grafton Middies batting - Pitching for Las Vegas Flamingos : RHP Culley Sandoval
Batting: RHB Mark Davis 0-0: SOLO HOME RUN (Line Drive, 8LXD), Distance : 453 ft
Batting: RHB Nathan Boswell 0-0: Ball
1-0: Called Strike
1-1: Foul Ball, location: 2F
1-2: Ground out 4-3 (Groundball, 4)
Batting: RHB Danny Hall 0-0: Ball
1-0: Ball
2-0: Swinging Strike
2-1: DOUBLE (Flyball, 78D)
Batting: RHB Bill Stewart 0-0: Swinging Strike
0-1: Ball
1-1: Ground out 4-3 (Groundball, 4M)
Danny Hall to third
Batting: RHB Pedro Orozco 0-0: Ball
1-0: Foul Ball, location: 2F
1-1: Fly out, F8 (Flyball, 78XD)
Top of the 7th over - 1 run(s), 2 hit(s), 0 error(s), 1 left on base; Grafton 2 - Las Vegas 9
BOTTOM OF THE 7TH
Las Vegas Flamingos batting - Pitching for Grafton Middies : RHP Bill Swain
Batting: RHB Aaron Harper 0-0: Ball
1-0: Swinging Strike
1-1: Foul Ball, location: 2F
1-2: Ball
2-2: Strikes out swinging
Pitching: RHP Darwin von Loen
Batting: LHB Kenneth Chapman 0-0: Ball
1-0: Swinging Strike
1-1: Ball
2-1: Ball
3-1: Swinging Strike
3-2: Strikes out looking
Batting: RHB Terry Sylvester 0-0: Fly out, F7 (Flyball, 7D)
Bottom of the 7th over - 0 run(s), 0 hit(s), 0 error(s), 0 left on base; Grafton 2 - Las Vegas 9
TOP OF THE 8TH
Grafton Middies batting - Pitching for Las Vegas Flamingos : RHP Culley Sandoval
Batting: RHB Wes Bradley 0-0: Called Strike
0-1: Ground out 5-3 (Groundball, 56)
Batting: RHB Raúl Robles 0-0: Ball
1-0: Swinging Strike
1-1: Swinging Strike
1-2: Foul Ball, location: 2F
1-2: Ball
2-2: Fly out, F3 (Popup, 3L)
Batting: RHB José Álvarez 0-0: Ball
1-0: Called Strike
1-1: Called Strike
1-2: Fly out, F6 (Popup, 6M)
Top of the 8th over - 0 run(s), 0 hit(s), 0 error(s), 0 left on base; Grafton 2 - Las Vegas 9
BOTTOM OF THE 8TH
Las Vegas Flamingos batting - Pitching for Grafton Middies : RHP Darwin von Loen
Batting: RHB Wayne Bannatyne 0-0: Called Strike
0-1: TRIPLE (Line Drive, 9LM)
Batting: RHB Travis Newsome 0-0: Called Strike
0-1: Ball
1-1: Ball
2-1: Fly out, F5 (Popup, 5SF)
Batting: LHB Sinclair van Kooten 0-0: Called Strike
0-1: Ball
1-1: Ball
2-1: Swinging Strike
2-2: Ball
3-2: Strikes out swinging
Batting: RHB Jeff Young 0-0: Ball
1-0: Ground out 4-3 (Groundball, 4M)
Bottom of the 8th over - 0 run(s), 1 hit(s), 0 error(s), 1 left on base; Grafton 2 - Las Vegas 9
TOP OF THE 9TH
Grafton Middies batting - Pitching for Las Vegas Flamingos : RHP Culley Sandoval
Batting: RHB Brady Ferris 0-0: Ball
1-0: Swinging Strike
1-1: Called Strike
1-2: Reached on error, E4 (Groundball, 4)
Pitching: RHP Erik Davis
Batting: RHB Mark Davis 0-0: Ball
1-0: Ball
2-0: Swinging Strike
2-1: SINGLE (Line Drive, 4D)
Brady Ferris to second
Runner from 2nd tries for 3rd, SAFE, no throw or cutoff
Batting: RHB Nathan Boswell 0-0: Called Strike
0-1: Grounds into double play, U4-3 (Groundball, 4)
Brady Ferris scores
Batting: RHB Danny Hall 0-0: Ball
1-0: Ball
2-0: Ball
3-0: Base on Balls
Batting: RHB Bill Stewart 0-0: Foul Ball, location: 2F
0-1: Called Strike
0-2: Ball
1-2: SINGLE (Groundball, 4M)
Danny Hall to second
Runner from 2nd tries for 3rd, OUT!
Top of the 9th over - 1 run(s), 2 hit(s), 1 error(s), 1 left on base; Grafton 3 - Las Vegas 9
This league is powered by Out of the Park Baseball, the baseball management simulation game for PC, Mac and Linux
Friday, January 22nd, 2016 - OOTP Baseball 16.9 Build 39